 Dungeon Crawl Stone Soup version 0.31-a0-240-gb923e448b6 (webtiles) character file.

Game seed: 817019831820699350

91 qw the Shooter (level 4, -3/36 HPs)
             Began as a Minotaur Hexslinger on July 11, 2023.
             Was an Initiate of Okawaru.
             Slain by Grinder (5 damage)
             ... on level 3 of the Dungeon.
             The game lasted 00:00:48 (1969 turns).

qw the Shooter (Minotaur Hexslinger)                Turns: 1969, Time: 00:00:48

Health: -3/36      AC:  2    Str: 12    XL:     4   Next: 33%
Magic:  4/4        EV: 12    Int: 10    God:    Okawaru [......]
Gold:   145        SH:  0    Dex: 15    Spells: 4/5 levels left

rFire   . . .        e - +2 sling
rCold   + + .        (no shield)
rNeg    . . .        c - +0 robe
rPois   .            (helmet restricted)
rElec   .            (no cloak)
rCorr   .            (no gloves)
SInv    .            (no boots)
Will    .....        (no amulet)
Stlth   +            h - ring of protection from cold
HPRegen 0.26/turn    b - ring of protection from cold
MPRegen 0.09/turn

%: no passive effects
@: no status effects
A: horns 2, retaliatory headbutt
a: Renounce Religion


You were on level 3 of the Dungeon.
You worshipped Okawaru.
Okawaru was noncommittal.
You visited 1 branch of the dungeon, and saw 3 of its levels.

You collected 145 gold pieces.


Innate Abilities, Weirdness & Mutations

You have a pair of horns on your head.
You reflexively headbutt those who attack you in melee.


   Skills:
 - Level 2.0 Fighting
 + Level 4.9 Ranged Weapons
 - Level 2.1 Dodging
 - Level 1.0 Spellcasting
 - Level 2.0 Hexes


You had 4 spell levels left.
You knew the following spells:

 Your Spells              Type           Power      Damage    Failure   Level
a - Slow                  Hex            16%        N/A       16%         1

Your spell library contained the following spells:

 Spells                   Type           Power      Damage    Failure   Level
 Inner Flame              Hex/Fire       2%         N/A       56%         3
 Portal Projectile        Hex/Tloc       4%         N/A       56%         3
 Cause Fear               Hex            2%         N/A       83%         4

Inventory:

Hand Weapons
 e - a +2 sling (weapon)
Armour
 c - a +0 robe (worn)
 j - a +0 cloak
 k - a +0 ring mail
Jewellery
 b - a ring of protection from cold (right hand)
 d - a ring of positive energy
 h - a ring of protection from cold (left hand)
 Y - a ring of positive energy
Scrolls
 i - a scroll of blinking {unknown}
 l - 3 scrolls of identify {unknown}
 m - a scroll of teleportation
 n - a scroll of brand weapon {unknown}
 o - a scroll of revelation {unknown}
Potions
 a - a potion of attraction {unknown}
 f - 2 potions of might
 g - a potion of curing

Dungeon Overview and Level Annotations

Branches:
Dungeon (3/15)

Altars:
Okawaru

Shops:
D:1 (

Annotations:
D:3 Grinder


Message History

Grinder says, "Mostly I couldn't keep them alive."
Grinder gestures at you. You resist with significant effort.
You shoot a sling bullet.
The sling bullet barely misses the adder.
The adder bites you.
You shoot a sling bullet. The sling bullet barely misses Grinder.
Grinder misses you. The adder misses you. Grinder misses you.
The adder bites you.
You are poisoned.
The adder poisons you!
You shoot a sling bullet. The sling bullet hits Grinder.
Grinder is lightly wounded.
You feel sick. The adder bites you. Grinder closely misses you.
You shoot a sling bullet.
The sling bullet hits Grinder but does no damage.
Grinder is lightly wounded.
You feel sick. The adder misses you. Grinder barely misses you.
You furiously retaliate!
You headbutt Grinder! You shoot a sling bullet.
The sling bullet closely misses Grinder.
You feel sick. The adder misses you. You furiously retaliate!
You headbutt the adder. Grinder hits you but does no damage.
The adder bites you.
You shoot a sling bullet. The sling bullet hits Grinder!
Grinder is heavily wounded.
You feel sick.
You are no longer poisoned.
The adder bites you. Grinder hits you.
You writhe in agony.
You shoot a sling bullet.
The sling bullet closely misses Grinder.
The adder closely misses you. You furiously retaliate!
You headbutt the adder!
You kill the adder!
Okawaru accepts your kill. Grinder gestures at you.
Pain shoots through your body!
You shoot a sling bullet. The sling bullet hits Grinder.
Grinder is heavily wounded.
Grinder hits you!
You writhe in agony.
You die...

##### #...# #...#
#########...# #.
#>.%....'...### ...
#......##...).## ..#
#.#.##.##...#..# ...##
#.#.##..######.#......
#.#.###... #@5...... #
#.#.##.##.#####%....).
#. # #.#.##.#
....##....... '... #
#.#.##.# ....#....)..
... # #.#....#
...ยค....... # #.###
#...##.#
..#...########.#....
#.#.##.#
#................
#.#.##.# ######.##
#.##... ######.#
#.......# #......


You could see Grinder.

Vanquished Creatures
  3 adders
  2 dart slugs (D:1)
  4 orcs (D:3)
  6 ball pythons
  5 endoplasms
  3 giant cockroaches
  6 goblins
  6 hobgoblins
  2 quokkas
  5 bats
  3 frilled lizards
  2 kobolds
  8 rats
55 creatures vanquished.

Notes
Turn   | Place    | Note
-------+----------+-------------------------------------------
     0 | D:1      | qw the Minotaur Hexslinger began the quest for the Orb.
     0 | D:1      | Reached XP level 1. HP: 16/16 MP: 1/1
     0 | D:1      | 0 ||| qw: Version: 0.3-a-52-g30416fa
     0 | D:1      | 0 ||| qw: Game counter: 6073
     0 | D:1      | 0 ||| qw: Melee chars always use a shield: true
     0 | D:1      | 0 ||| qw: God list: Okawaru
     0 | D:1      | 0 ||| qw: Allow faded altars: false
     0 | D:1      | 0 ||| qw: Do Orc after clearing Dungeon:15 true
     0 | D:1      | 0 ||| qw: Do second Lair branch before Depths: true
     0 | D:1      | 0 ||| qw: Lair rune preference: random
     0 | D:1      | 0 ||| qw: Goals: Normal
     0 | D:1      | 0 ||| PLANNING D:1-11
    83 | D:1      | 83 ||| FLEEEEING.
    86 | D:1      | Reached skill level 3 in Ranged Weapons
    86 | D:1      | Reached XP level 2. HP: 20/23 MP: 2/2
   194 | D:1      | You fall into a shaft and drop 1 floor!
   334 | D:2      | 334 ||| UPGRADING to ring of positive energy.
   335 | D:2      | 335 ||| READING scroll labelled ISAUNE QAM MUG.
   336 | D:2      | 336 ||| DROPPING scroll of poison.
   488 | D:1      | Reached XP level 3. HP: 25/29 MP: 3/3
   517 | D:1      | Found Optatwo's Weapon Boutique.
   714 | D:1      | 714 ||| DRINKING 2 clear potions.
   765 | D:2      | Found a faded altar of an unknown god.
   837 | D:2      | Found an iron altar of Okawaru.
   838 | D:2      | 838 ||| PLANNING OKAWARU WORSHIP
   838 | D:2      | 838 ||| UPGRADING to ring of positive energy.
   839 | D:2      | 839 ||| READING scroll labelled NEQESCH PASM.
   840 | D:2      | 840 ||| READING scroll labelled LEXTIE QEHIHYO.
   844 | D:2      | 844 ||| PLANNING D:1-11
   844 | D:2      | 844 ||| Stepping randomly (stuck).
   885 | D:2      | Reached skill level 4 in Ranged Weapons
  1179 | D:2      | 1179 ||| PLANNING OKAWARU WORSHIP
  1179 | D:2      | 1179 ||| UPGRADING to ring of protection from cold.
  1181 | D:2      | 1181 ||| UPGRADING to ring of protection from cold.
  1183 | D:2      | 1183 ||| DRINKING 3 coppery potions.
  1192 | D:2      | Became a worshipper of Warmaster Okawaru
  1193 | D:2      | 1193 ||| PLANNING D:1-11
  1501 | D:3      | Reached XP level 4. HP: 36/36 MP: 4/4
  1751 | D:3      | Noticed Grinder
  1753 | D:3      | 1753 ||| FLEEEEING.
  1754 | D:3      | 1754 ||| FLEEEEING.
  1755 | D:3      | 1755 ||| FLEEEEING.
  1756 | D:3      | 1756 ||| FLEEEEING.
  1760 | D:3      | 1760 ||| FLEEEEING.
  1761 | D:3      | 1761 ||| FLEEEEING.
  1764 | D:3      | 1764 ||| FLEEEEING.
  1765 | D:3      | 1765 ||| FLEEEEING.
  1969 | D:3      | HP: 2/36 [Grinder (8)]
  1969 | D:3      | Slain by Grinder

Levels and vault maps discovered:
D:1:      giann_bridges, layout_loops_ring, serial_shops,
          nicolae_shop_bloodbath_and_beyond, amcnicky_mini_pool_small
D:2:      layout_basic, basic_altar, chequers_ecumenical_altar_simple_redux,
          minmay_box_of_dots
D:3:      layout_basic, uniq_grinder

Skill      XL: |  1  2  3 |
---------------+----------+-----
Ranged Weapons | 3 4 |  4.9
Fighting       | 2 |  2.0
Dodging        | |  2.1
Spellcasting   | |  1.0
Hexes          | |  2.0

Action                     |  1- 3 |  4- 6 || total
---------------------------+-------+-------++-------
   Fire: Sling             |   101 |    52 ||   153
    Use: Scroll            |     3 |       ||     3
         Potion            |     2 |       ||     2
 Armour: Robe              |     9 |     1 ||    10
  Dodge: Dodged            |    16 |    19 ||    35

Table legend:
 A = Non-vault XP
 B = Vault XP
 C = Vault XP percentage of total XP
 D = Non-vault monster count
 E = Vault monster count
 F = Vault count percentage of total count
                 A         B        C        D         E       F
            +---------+---------+-------+---------+---------+-------
      Total |     126 |       4 |   3.1 |      53 |       2 |   3.6
            +---------+---------+-------+---------+---------+-------
        D:1 |      40 |       0 |   0.0 |      23 |       0 |   0.0
        D:2 |      50 |       4 |   7.4 |      17 |       2 |  10.5
        D:3 |      36 |       0 |   0.0 |      13 |       0 |   0.0
            +---------+---------+-------+---------+---------+-------
